 Dungeon Crawl Stone Soup version 0.29-a0-620-g13ace881f2 (webtiles) character file.

Game seed: 16764592886389853895

2959 HoaS the Quickloader (level 9, -1/55 HPs)
             Began as a Gargoyle Hunter on June 18, 2022.
             Was an Initiate of Okawaru.
             Slain by a two-headed ogre
             ... wielding a +0 giant club
              (4 damage)
             ... on level 7 of the Dungeon.
             The game lasted 00:17:44 (6640 turns).

HoaS the Quickloader (Gargoyle Hunter)              Turns: 6640, Time: 00:17:45

Health: -1/55      AC: 18    Str: 15    XL:     9   Next: 81%
Magic:  9/9        EV: 14    Int: 16    God:    Okawaru [......]
Gold:   303        SH:  6    Dex: 17    Spells: 8/8 levels left

rFire   . . .      SeeInvis .   a - +3 hand crossbow (flame)
rCold   . . .      Faith    .   b - +2 buckler
rNeg    + . .      Spirit   .   u - +1 acid dragon scales
rPois   ∞          Reflect  .   (no helmet)
rElec   +          Harm     .   q - +2 cloak
rCorr   +          Rampage  .   (no gloves)
Will    .....                   (no boots)
Stlth   ++........              (no amulet)
HPRegen 0.18/turn               p - ring of resist corrosion
MPRegen 0.11/turn               r - +6 ring of intelligence

@: no status effects
A: sickness immunity, AC +6, negative energy resistance 1, electricity
resistance, torment resistance 1, petrification resistance
a: Renounce Religion


You were on level 7 of the Dungeon.
You worshipped Okawaru.
Okawaru was noncommittal.
You visited 2 branches of the dungeon, and saw 8 of its levels.
You also visited: Sewer.

You collected 303 gold pieces.

Inventory:

Hand Weapons
 a - a +3 hand crossbow of flaming (weapon)
Missiles
 m - 4 throwing nets
Armour
 b - a +2 buckler (worn)
 q - a +2 cloak (worn)
 u - +1 acid dragon scales (worn)
Jewellery
 p - a ring of resist corrosion (left hand)
 r - a +6 ring of intelligence (right hand)
Wands
 s - a wand of flame (9)
 t - a wand of digging (11)
Scrolls
 c - 3 scrolls of immolation
 e - 2 scrolls of blinking
 h - a scroll of teleportation
 l - 2 scrolls of enchant weapon
 w - a scroll of fear
 y - a scroll of magic mapping
Potions
 d - a potion of resistance
 g - 4 potions of curing
 i - 3 potions of attraction
 j - a potion of berserk rage {unknown}
 k - a potion of brilliance {unknown}
 n - a potion of cancellation {unknown}
 o - 3 potions of flight
 v - 2 potions of might {unknown}
 x - a potion of mutation {unknown}


   Skills:
 + Level 5.7 Fighting
 - Level 10.0 Crossbows
 + Level 5.1 Armour
 * Level 5.9 Dodging
 - Level 1.1 Stealth
 + Level 0.4 Invocations


You had 8 spell levels left.
You didn't know any spells.
Your spell library contained the following spells:

 Spells                   Type           Power      Damage    Failure   Level
 Ensorcelled Hibernation  Hex/Ice        0%         N/A       56%         2
 Spider Form              Tmut/Pois      0%         N/A       80%         3
 Anguish                  Hex/Necr       0%         N/A       99%         4


Dungeon Overview and Level Annotations

Branches:
Dungeon (7/15)             Temple (1/1) D:7           Sewer (visited)

Altars:
Cheibriados
Dithmenos
Kikubaaqudgha
Nemelex Xobeh
Okawaru
Qazlal
Ru
Sif Muna
Trog
Vehumet
Xom
Yredelemnul

Shops:
D:4 =(:   D:5 ((


Innate Abilities, Weirdness & Mutations

You are immune to sickness and miasma.
Your stone body is resilient. (AC +6)
You are immune to poison.
You resist negative energy. (rN+)
You are resistant to electric shocks. (rElec)
You are resistant to unholy torment.
You are immune to petrification.


Message History

The two-headed ogre is almost dead.
The two-headed ogre hits you with a +0 giant club!
You block the two-headed ogre's attack.
Shoot: a) +3 hand crossbow (flame)
Press: ? - help, Q - select action, (/) - cycle Shift-Dir - straight line, f/p - two-headed ogre
Aim: a two-headed ogre, wielding a +0 giant club and a +0 giant spiked club (almost dead, 81% to hit)
You shoot a bolt.
The bolt barely misses the two-headed ogre.
The two-headed ogre hits you with a +0 giant club!!
You block the two-headed ogre's attack.
Shoot: a) +3 hand crossbow (flame)
Press: ? - help, Q - select action, (/) - cycle Shift-Dir - straight line, f/p - two-headed ogre
Aim: a two-headed ogre, wielding a +0 giant club and a +0 giant spiked club (almost dead, 81% to hit)
You shoot a bolt.
The bolt barely misses the two-headed ogre.
The two-headed ogre hits you but does no damage.
The two-headed ogre hits you with a +0 giant spiked club!
Shoot: a) +3 hand crossbow (flame)
Press: ? - help, Q - select action, (/) - cycle Shift-Dir - straight line, f/p - two-headed ogre
Aim: a two-headed ogre, wielding a +0 giant club and a +0 giant spiked club (almost dead, 81% to hit)
You shoot a bolt.
The bolt barely misses the two-headed ogre.
Shoot: a) +3 hand crossbow (flame)
Press: ? - help, Q - select action, (/) - cycle Shift-Dir - straight line, f/p - two-headed ogre
Aim: a two-headed ogre, wielding a +0 giant club and a +0 giant spiked club (almost dead, 81% to hit)
You shoot a bolt. The bolt hits the two-headed ogre.
The bolt burns the two-headed ogre.
The two-headed ogre is almost dead.
The two-headed ogre hits you with a +0 giant club!
* * * LOW HITPOINT WARNING * * *
The two-headed ogre hits you with a +0 giant spiked club.
* * * LOW HITPOINT WARNING * * *
Shoot: a) +3 hand crossbow (flame)
Press: ? - help, Q - select action, (/) - cycle Shift-Dir - straight line, f/p - two-headed ogre
Aim: a two-headed ogre, wielding a +0 giant club and a +0 giant spiked club (almost dead, 81% to hit)
You shoot a bolt. The bolt hits the two-headed ogre.
The bolt burns the two-headed ogre.
The two-headed ogre is almost dead.
The two-headed ogre hits you with a +0 giant club.
You die...

# #........# #
#........# ### #
#........# #..
##.......# #.#
##...#######.#
##.#.>......# ..
###....####..###....
+............OY..)..
####...#.##.@#
##.[#.##..#####
##.............
###.######...# #.#
#.. #.# . #<# #.#
#.#


You could see a two-headed ogre and an ice beast.

Vanquished Creatures
  Maggie (D:6)
  Grinder (D:4)
  Eustachio (D:5)
  Menkaure (D:4)
  An ice beast (D:5)
  4 ogres
  3 centaurs
  2 phantoms
  A kobold brigand (D:4)
  3 scorpions
  2 bullfrogs (Sewer)
  3 wights (D:6)
  A howler monkey (D:5)
  Crazy Yiuf (D:4)
  4 hounds
  2 jellies
  3 gnoll shamans (D:5)
  Ijyb (D:5)
  3 orc wizards
  10 adders
  16 gnolls (D:5)
  6 river rats (Sewer)
  2 shadow imps
  A white imp (D:7)
  An ufetubus (D:5)
  A worm (D:2)
  2 dart slugs
  11 orcs
  16 ball pythons
  10 endoplasms
  2 giant cockroaches
  6 goblins
  9 hobgoblins
  3 jackals (D:4)
  7 kobolds
  7 bats
  6 frilled lizards
  22 rats
176 creatures vanquished.

Vanquished Creatures (others)
  34 plants (D:4)
34 creatures vanquished.

Grand Total: 210 creatures vanquished

Notes
Turn   | Place    | Note
-------+----------+-------------------------------------------
     0 | D:1      | HoaS the Gargoyle Hunter began the quest for the Orb.
     0 | D:1      | Reached XP level 1. HP: 12/12 MP: 1/1
   114 | D:1      | Reached XP level 2. HP: 17/17 MP: 2/2
   992 | D:2      | Reached XP level 3. HP: 21/21 MP: 3/3
   999 | D:2      | Reached skill level 5 in Crossbows
  1106 | D:2      | Found a faded altar of an unknown god.
  1198 | D:2      | Identified the +7 mace of the Chickpea {antimagic, Drain
                  | rPois rF+++ Dex+2}
  1430 | D:2      | Found a stormy altar of Qazlal.
  1597 | D:3      | Reached XP level 4. HP: 26/26 MP: 4/4
  1982 | D:3      | Noticed a scorpion
  2026 | D:4      | Reached skill level 6 in Crossbows
  2252 | D:4      | Reached XP level 5. HP: 30/30 MP: 5/5
  2266 | D:4      | Noticed a kobold brigand
  2437 | D:4      | Found a radiant altar of Vehumet.
  2473 | D:4      | Noticed Menkaure
  2492 | D:5      | Entered Level 5 of the Dungeon
  2810 | D:4      | Killed Menkaure
  2811 | D:4      | Reached skill level 7 in Crossbows
  2811 | D:4      | Reached XP level 6. HP: 35/35 MP: 6/6
  3161 | D:4      | Found a runed translucent door.
  3162 | D:4      | Noticed Crazy Yiuf
  3211 | D:4      | Found a basalt altar of Yredelemnul.
  3211 | D:4      | Noticed Grinder
  3216 | D:4      | Paralysed by Grinder for 2 turns
  3220 | D:4      | Killed Grinder
  3221 | D:4      | Reached skill level 8 in Crossbows
  3221 | D:4      | Reached XP level 7. HP: 33/40 MP: 7/7
  3287 | D:4      | Found Fuekakhloss's Jewellery Shop.
  3287 | D:4      | Found Sufiuwoank's Antique Weapon Shoppe.
  3289 | D:4      | Found Pijic's Book Boutique.
  3335 | D:4      | Reached skill level 9 in Crossbows
  3641 | D:4      | Killed Crazy Yiuf
  3933 | D:5      | Found Bepej's Weapon Emporium.
  3935 | D:5      | Noticed Ijyb
  3948 | D:5      | Killed Ijyb
  3963 | D:5      | Reached XP level 8. HP: 20/44 MP: 8/8
  4192 | D:5      | Reached skill level 10 in Crossbows
  4225 | D:5      | Reached skill level 1 in Armour
  5102 | D:5      | Found Gesuej's Antique Weapon Shoppe.
  5154 | D:6      | Noticed Eustachio
  5188 | D:5      | Killed Eustachio
  5189 | D:5      | Reached XP level 9. HP: 38/52 MP: 9/9
  5299 | D:6      | Noticed Maggie
  5317 | D:6      | Killed Maggie
  5473 | D:6      | Reached skill level 5 in Dodging
  5505 | D:6      | Found a glowing drain.
  5510 | Sewer    | Entered a sewer
  5749 | Sewer    | Reached skill level 5 in Fighting
  6384 | D:7      | Reached skill level 5 in Armour
  6394 | D:7      | Found a staircase to the Ecumenical Temple.
  6419 | Temple   | Entered the Ecumenical Temple
  6526 | Temple   | Became a worshipper of Warmaster Okawaru
  6615 | D:7      | Noticed a two-headed ogre
  6640 | D:7      | Slain by a two-headed ogre

Illustrated notes

Levels and vault maps discovered:
D:1:      kennysheep_arrival_seaside, layout_basic, minivault_26
D:2:      layout_loops_ring, hellmonk_ecumenical_altar_blasted, basic_altar
D:3:      layout_rooms, interstate_on_off
D:4:      layout_cave_pools, mainiacjoe_overflow_alcove_4,
          nicolae_vehumet_altar_sigil, serial_bayou_lagoon_a,
          nicolae_wooded_promenade, lexackson_kobold_supper,
          uniq_crazy_yiuf_cottage, uniq_grinder, uniq_menkaure
D:5:      layout_loops_cross, serial_shops, kennysheep_mini, shop,
          hangedman_abyss_or_decor_slice, minmay_fractal_squares_diagonal_5,
          uniq_ijyb
D:6:      layout_loops_cross, portal_sewer_entry_e, uniq_maggie, uniq_eustachio
D:7:      layout_loops_corners, mainiacjoe_overflow_surrounded_room,
          minmay_temple_entry_ruins
Temple:   compressed_dpeg_circular_temple

Skill      XL: |  1  2  3  4  5  6  7  8  9 |
---------------+----------------------------+-----
Crossbows      | 5 6 7 8 9 10 | 10.0
Dodging        | 4 5 |  5.9
Armour         | 3 5 |  5.1
Fighting       | 4 5 |  5.7
Stealth        | |  1.1
Invocations    | |  0.4

Action                   |  1- 3 |  4- 6 |  7- 9 || total
-------------------------+-------+-------+-------++-------
 Fire: Hand crossbow     |   111 |   101 |   390 ||   602
  Use: Scroll            |       |    14 |     6 ||    20
       Potion            |       |       |     6 ||     6
Armor: Leather armour    |    19 |     3 |       ||    22
       Ring mail         |       |    23 |    54 ||    77
       Acid dragon scale |       |       |    25 ||    25
Dodge: Dodged            |    18 |    36 |   111 ||   165
Block: Buckler           |       |    12 |    50 ||    62

Table legend: (Time is in decaauts)
 A = Elapsed time spent in this place.
 B = Non-inter-level travel time spent in this place.
 C = Inter-level travel time spent in this place.
 D = Time resting spent in this place.
 E = Time spent auto-exploring this place.
 F = Levels seen in this place.
 G = Mean time per level.
                   A        B        C        D        E       F      G
               +--------+--------+--------+--------+--------+-----+--------+
         Total |   6819 |   6398 |    421 |   1409 |   3712 |   9 |  757.7 |
       Dungeon |   6206 |   5845 |    361 |   1224 |   3499 |   7 |  886.6 |
        Temple |    134 |     74 |     60 |      0 |     66 |   1 |  134.0 |
         Sewer |    477 |    477 |      0 |    185 |    146 |   1 |  477.0 |
               +--------+--------+--------+--------+--------+-----+--------+

Top non-repeatable levels by time:
     D:5: 1561 daAuts
     D:4: 1510 daAuts
     D:1: 940 daAuts
     D:6: 780 daAuts
     D:2: 740 daAuts
     D:3: 546 daAuts
   Sewer: 477 daAuts
  Temple: 134 daAuts
     D:7: 127 daAuts
